 Dungeon Crawl Stone Soup version 0.29.1-1-gd02db6906a (webtiles) character file.

Game seed: 13567846738917414390

1831 H0rd4k the Cudgeller (level 9, -3/64 (69) HPs)
             Began as a Human Artificer on Oct 11, 2022.
             Was an Initiate of Gozag.
             Slain by a wight
             ... wielding a +0 halberd
              (8 damage)
             ... on level 7 of the Dungeon.
             The game lasted 00:10:49 (10478 turns).

H0rd4k the Cudgeller (Human Artificer)             Turns: 10478, Time: 00:10:49

HP:   -3/64 (69)    AC:  3    Str: 12    XL:     9   Next: 33%
MP:   9/9           EV: 14    Int: 16    God:    Gozag
Gold: 361           SH:  0    Dex: 14    Spells: 8/8 levels left

rFire   . . .      SeeInvis .   x - +4 whip
rCold   . . .      Faith    .   (no shield)
rNeg    . . .      Spirit   .   b - +0 leather armour
rPois   .          Reflect  .   (no helmet)
rElec   .          Harm     .   l - scarf {+Inv}
rCorr   .          Rampage  .   (no gloves)
Will    .....                   (no boots)
Stlth   +.........              (no amulet)
HPRegen 0.20/turn               (no ring)
MPRegen 0.11/turn               (no ring)

@: studying Hexes, drained
A: no striking features
a: Renounce Religion, Evoke Invisibility, Potion Petition, Call Merchant, Bribe
Branch


You were on level 7 of the Dungeon.
You worshipped Gozag.
Gozag was aware of your devotion.
You visited 2 branches of the dungeon, and saw 10 of its levels.

You collected 479 gold pieces.
You paid 118 gold pieces to Gozag.

Inventory:

Hand Weapons
 x - a +4 whip (weapon)
 A - a +2 whip of freezing
Missiles
 k - 11 poisoned darts (quivered)
 o - 3 boomerangs of dispersal
Armour
 b - a +0 leather armour (worn)
 l - a scarf of invisibility (worn)
 z - an orb of mayhem
Magical Staves
 D - a staff of earth
Jewellery
 q - a ring of willpower
 w - a ring of ice
 B - an amulet of faith
Scrolls
 h - a scroll of vulnerability {unknown}
 j - a scroll of noise {unknown}
 p - 2 scrolls of enchant weapon {unknown}
 r - 5 scrolls of poison
 s - 2 scrolls of enchant armour
 y - 2 scrolls of teleportation {unknown}
 E - a scroll of identify
Potions
 c - a potion of degeneration {unknown}
 f - a potion of experience
 g - a potion of lignification
 i - a potion of attraction {unknown}
 n - 2 potions of magic
 t - 4 potions of mutation
 u - 2 potions of haste
 v - a potion of ambrosia {unknown}
 C - a potion of invisibility {unknown}
 F - a potion of heal wounds {unknown}


   Skills:
 + Level 5.8 Fighting
 + Level 6.9 Maces & Flails
 + Level 1.6 Throwing
 - Level 2.0 Armour
 + Level 6.7 Dodging
 - Level 1.0 Stealth
 - Level 3.0 Evocations


You had 8 spell levels left.
You didn't know any spells.
Your spell library contained the following spells:

 Spells                   Type           Power      Damage    Failure   Level
 Sandblast                Erth           0%         2d4       32%         1
 Passwall                 Tmut/Erth      0%         N/A       43%         2
 Stone Arrow              Conj/Erth      0%         3d7       67%         3
 Hailstorm                Conj/Ice       0%         3d3       97%         4
 Ice Form                 Ice/Tmut       0%         N/A       97%         4
 Simulacrum               Ice/Necr       Unusable   N/A       N/A         6

Dungeon Overview and Level Annotations

Branches:
Dungeon (9/15)             Temple (1/1) D:6            Lair (0/5) D:9
    Orc: D:9-12

Altars:
Dithmenos
Elyvilon
Fedhas
Gozag
Kikubaaqudgha
Makhleb
Nemelex Xobeh
Qazlal
Ru
Sif Muna
Trog
Uskayaw
Vehumet
Wu Jian
Xom
Yredelemnul
The Shining One

Shops:
D:4 *

Annotations:
D:3 exclusion: upstairs
D:4 3 runed translucent doors, exclusion: 3 doors, PanSaczeczos's ghost, amateur DrHu
D:5 exclusion: upstairs


Message History

The wight is moderately damaged.
The wight completely misses you.
You whack the wight!
The wight is almost destroyed.
The wight hits you with a +0 flail!
You feel drained.
You barely miss the wight.
The wight is almost destroyed.
A wight comes into view. It is wielding a +0 halberd.
The wight hits you with a +0 flail!
You feel drained.
You closely miss the wight.
The wight is almost destroyed.
The wight closely misses you.
You whack the wight!
You destroy the wight!
The wight closely misses you. The wight misses you.
The wight barely misses you.
Items here: $ ) ? [.
You closely miss the wight. The wight closely misses you.
The wight hits you but does no damage. The wight misses you.
You closely miss the wight.
The wight hits you with a +5 short sword!
* * * LOW HITPOINT WARNING * * *
The wight barely misses you. The wight hits you with a +0 scimitar.
* * * LOW HITPOINT WARNING * * *
You hit the wight.
The wight is lightly damaged.
The wight barely misses you. The wight hits you with a +0 scimitar!
* * * LOW HITPOINT WARNING * * *
You feel drained. The wight closely misses you.
You closely miss the wight. You punch the wight, but do no damage.
The wight is lightly damaged.
You hit the wight.
The wight is moderately damaged.
The wight barely misses you. The wight closely misses you. x2
You hit the wight.
The wight is heavily damaged.
The wight misses you. The wight barely misses you.
The wight hits you from afar with a +0 halberd!
You die...
Your body crumbles into a pile of gold.

###### ...#.# ### #....
##.## #.... ##.#.##
#...z########.###.##
#..zz@...[......##.#
###.#########.#.#.## #.
##...## ##'## ##.##
##...## #####.## ##.....##
#......# ##.......##
#.#.#..#
.##.........###......#####
..'.......................


You could see 3 wights.

Vanquished Creatures
  Pikel (D:3)
  Grinder (D:5)
  2 water moccasins
  2 black bears
  A necrophage (D:6)
  A bullfrog (D:7)
  2 scorpions
  A wight (D:7)
  2 orc priests
  3 jellies (D:5)
  Jessica (D:2)
  2 iguanas
  3 orc wizards
  2 gnolls (D:5)
  6 adders
  2 white imps (D:7)
  2 dart slugs
  17 orcs
  7 endoplasms
  A giant cockroach (D:4)
  6 goblins
  7 hobgoblins
  3 jackals (D:1)
  4 quokkas
  4 ball pythons
  4 bats
  3 frilled lizards
  5 kobolds
  A rat (D:1)
96 creatures vanquished.

Vanquished Creatures (collateral kills)
  An orc priest (D:4)
  An adder (D:4)
  A gnoll (D:5)
  An orc (D:6)
  A goblin (D:4)
  A bat (D:2)
  A kobold (D:2)
7 creatures vanquished.

Vanquished Creatures (others)
  An orc priest (D:4)
  A gnoll (D:5)
  10 plants
12 creatures vanquished.

Grand Total: 115 creatures vanquished

Notes
Turn   | Place    | Note
-------+----------+-------------------------------------------
     0 | D:1      | H0rd4k the Human Artificer began the quest for the Orb.
     0 | D:1      | Reached XP level 1. HP: 15/15 MP: 1/1
   516 | D:1      | Found a faded altar of an unknown god.
   519 | D:1      | Reached XP level 2. HP: 21/21 MP: 2/2
  1250 | D:1      | Reached skill level 1 in Maces & Flails
  1786 | D:2      | Noticed Jessica
  1809 | D:2      | Killed Jessica
  1810 | D:2      | Reached XP level 3. HP: 17/27 MP: 3/3
  2044 | D:2      | Noticed an ogre
  2045 | D:2      | Reached XP level 4. HP: 25/33 MP: 4/4
  4461 | D:4      | Noticed a black bear
  4495 | D:4      | Found Vijau's General Store.
  4555 | D:4      | Reached XP level 5. HP: 22/39 MP: 5/5
  4892 | D:4      | Found a hide-covered altar of Uskayaw.
  4892 | D:4      | Noticed a lemure
  4899 | D:4      | Noticed a lemure
  4900 | D:4      | Noticed a lemure
  4900 | D:4      | Noticed Pikel
  4901 | D:4      | Noticed a lemure
  4952 | D:4      | Found a runed translucent gate.
  4952 | D:4      | Found a runed translucent gate.
  4952 | D:4      | Noticed PanSaczeczos's ghost (amateur DrHu)
  4953 | D:4      | Found a runed translucent gate.
  4953 | D:4      | Noticed a kobold brigand
  5033 | D:5      | Entered Level 5 of the Dungeon
  5241 | D:5      | Reached XP level 6. HP: 27/46 MP: 6/6
  5397 | D:5      | Noticed Grinder
  5408 | D:5      | Your ally Grinder died
  5409 | D:5      | Reached XP level 7. HP: 4/52 MP: 7/7
  6251 | D:4      | Found a sparkling altar of Nemelex Xobeh.
  6690 | D:3      | Killed Pikel
  6691 | D:3      | Reached skill level 5 in Maces & Flails
  6691 | D:3      | Reached skill level 1 in Throwing
  6691 | D:3      | Reached skill level 5 in Dodging
  6691 | D:3      | Reached XP level 8. HP: 14/61 MP: 8/8
  7729 | D:5      | Reached skill level 5 in Fighting
  8360 | D:6      | Found a staircase to the Ecumenical Temple.
  8364 | Temple   | Entered the Ecumenical Temple
  8380 | Temple   | Became a worshipper of Gozag Ym Sagoz the Greedy
  9085 | D:6      | Reached XP level 9. HP: 25/68 MP: 9/9
  9869 | D:7      | HP: 3/68 [gnoll/+0 spear[a gnoll bouda] (1)]
  9874 | D:7      | Identified 2 scrolls of acquirement
  9874 | D:7      | Acquired 885 gold pieces
 10176 | D:6      | You fall into a shaft and drop 3 floors!
 10225 | D:9      | Found a staircase to the Lair.
 10226 | D:9      | Noticed a komodo dragon
 10229 | D:9      | Acquired a manual of Hexes
 10478 | D:7      | Slain by a wight

Illustrated notes

Levels and vault maps discovered:
D:1:      dpeg_arrival_lava_temple_mockup, layout_basic,
          nicolae_ecumenical_snake_handling, minmay_misc_feat_ornament
D:2:      layout_rooms, minmay_pentomino_pile, uniq_jessica
D:3:      layout_loops_ring, eino_tiny_chamber, chequers_mini_garden, hex_medium
D:4:      layout_loops_ring, nicolae_uskayaw_suspiria,
          mainiacjoe_overflow_brackets, gammafunk_ghost_nasty_kobolds,
          kennysheep_small_square, uniq_pikel
D:5:      layout_loops_ring, uniq_grinder
D:6:      layout_basic, lemuel_tele_altar, minmay_temple_entry_glassed_door,
          uniq_maggie
D:7:      minmay_the_grid_triangle_9x9_rhombus_thin
          [minmay_the_grid_triangle_9x9_wacky_v,
          minmay_the_grid_triangle_9x9_prize_special,
          minmay_the_grid_triangle_9x9_minimal,
          minmay_the_grid_triangle_9x9_dagger], layout_loops_corners,
          mainiacjoe_overflow_small_starburst, enter_bailey_5
D:8:      layout_rooms, okawaru_trees_1
D:9:      nzn_winding_woodlands_three_and_one
          [nzn_winding_woodlands_5x15_zeroes, nzn_winding_woodlands_5x15_eye,
          nzn_winding_woodlands_5x15_river_crossing,
          nzn_winding_woodlands_center_diamonds], layout_stronghold,
          nzn_hepliaklqana_mist_gate, david_lair_shrubbed
Temple:   minmay_freezing_vapour_temple

Skill      XL: |  1  2  3  4  5  6  7  8 |
---------------+-------------------------+-----
Maces & Flails | 1 2 3 5 6 |  6.9
Fighting       | 2 3 4 5 |  5.8
Dodging        | 2 3 4 5 6 |  6.7
Throwing       | 1 |  1.6
Armour         | |  2.0
Stealth        | |  1.0
Evocations     | |  3.0

Action                   |  1- 3 |  4- 6 |  7- 9 || total
-------------------------+-------+-------+-------++-------
Melee: Club              |    95 |   176 |       ||   271
       Punch             |     1 |     1 |     6 ||     8
       Whip              |       |       |   251 ||   251
Throw: Dart              |       |       |    11 ||    11
Evoke: Wand              |     2 |    28 |     5 ||    35
  Use: Potion            |       |       |     3 ||     3
       Scroll            |       |       |     9 ||     9
 Stab: Sleeping          |     2 |     1 |     2 ||     5
       Distracted        |       |       |     1 ||     1
Armor: Leather armour    |    37 |    50 |    34 ||   121
       Skin              |       |       |     6 ||     6
Dodge: Dodged            |    75 |   168 |   119 ||   362
